 Dungeon Crawl Stone Soup version 0.29-a0-1006-g0dd7720b37 (webtiles) character file.

Game seed: 7740613257184479916

18151 concernfroge the Basher (level 12, -2/97 HPs)
             Began as a Mummy Monk on Aug 6, 2022.
             Was a Priest of Cheibriados.
             Slain by a shadow (23 damage)
             ... on level 10 of the Dungeon.
             The game lasted 01:03:58 (14187 turns).

concernfroge the Basher (Mummy Monk)               Turns: 14187, Time: 01:03:58

Health: -2/97      AC: 13    Str: 28    XL:     12   Next: 25%
Magic:  10/19      EV: 11    Int: 17    God:    Cheibriados [***...]
Gold:   246        SH:  8    Dex: 22    Spells: 11/11 levels left

rFire   x . .      SeeInvis .   i - +2 morningstar (drain)
rCold   + . .      Faith    .   v - +0 kite shield
rNeg    + + +      Spirit   .   z - +1 steam dragon scales
rPois   ∞          Reflect  .   d - +1 helmet
rElec   .          Harm     .   m - +2 cloak
rCorr   .          Rampage  .   k - +0 pair of gloves
Will    +....                   t - +0 pair of boots
Stlth   ++........              (no amulet)
HPRegen 0.26/turn               (no ring)
MPRegen 0.16/turn               (no ring)

@: very slow
A: cold resistance 1, negative energy resistance 3, torment resistance 2, heat
vulnerability 1, in touch with death 1, no potions
a: Renounce Religion, Bend Time, Temporal Distortion


You were on level 10 of the Dungeon.
You worshipped Cheibriados.
Cheibriados was most pleased with you.
You visited 3 branches of the dungeon, and saw 13 of its levels.
You also visited: Ossuary.

You collected 678 gold pieces.
You spent 432 gold pieces at shops.

Inventory:

Hand Weapons
 i - a +2 morningstar of draining (weapon)
 o - a +0 morningstar
Missiles
 c - 4 javelins
 n - 2 atropa-tipped darts
 p - 26 poisoned darts
 u - 5 curare-tipped darts (quivered)
Armour
 d - a +1 helmet (worn)
 k - a +0 pair of gloves (worn)
 m - a +2 cloak (worn)
 t - a +0 pair of boots (worn)
 v - a +0 kite shield (worn)
 z - +1 steam dragon scales (worn)
Jewellery
 a - a ring of fire
 l - a ring of fire
 y - an amulet of magic regeneration
Wands
 j - a wand of charming (3)
Scrolls
 b - a scroll of torment
 e - 4 scrolls of identify
 g - 2 scrolls of noise
 h - 2 scrolls of amnesia
 q - a scroll of fear
 r - 2 scrolls of vulnerability
 s - 2 scrolls of immolation
 x - a scroll of teleportation
Miscellaneous
 w - a box of beasts (inert)


   Skills:
 - Level 10.0 Fighting
 + Level 14.3 Maces & Flails
 - Level 2.4 Polearms
 - Level 2.4 Dodging
 - Level 1.5 Stealth
 - Level 10.0 Invocations


You had 11 spell levels left.
You didn't know any spells.
Your spell library contained the following spells:

 Spells                   Type           Power      Damage    Failure   Level
 Necrotise                Necr           0%         1d4       65%         1
 Summon Small Mammal      Summ           0%         N/A       65%         1
 Blink                    Tloc           0%         N/A       78%         2
 Static Discharge         Conj/Air       0%         3-3/arc   78%         2
 Call Canine Familiar     Summ           0%         N/A       95%         3
 Conjure Flame            Conj/Fire      0%         6-21      95%         3
 Frozen Ramparts          Ice            0%         1d1       95%         3
 Ignite Poison            Fire/Tmut/Pois 0%         N/A       95%         3
 Mephitic Cloud           Conj/Pois/Air  0%         N/A       95%         3
 Ozocubu's Armour         Ice            0%         N/A       95%         3
 Portal Projectile        Hex/Tloc       0%         N/A       95%         3
 Summon Guardian Golem    Hex/Summ       0%         N/A       95%         3
 Corpse Rot               Necr/Pois/Air  0%         N/A       100%        4
 Leda's Liquefaction      Hex/Erth       0%         N/A       100%        4
 Sticky Flame             Conj/Fire      0%         2d3       100%        4
 Summon Ice Beast         Ice/Summ       0%         N/A       100%        4
 Lightning Bolt           Conj/Air       0%         1d11      100%        5
 Manifold Assault         Tloc           0%         N/A       100%        5
 Metabolic Englaciation   Hex/Ice        0%         N/A       100%        5
 Silence                  Hex/Air        0%         N/A       100%        5
 Simulacrum               Ice/Necr       0%         N/A       100%        6
 Maxwell's Capacitive Co  Air            0%         ∞         100%        8
 Ice Form                 Ice/Tmut       Unusable   N/A       N/A         4
 Storm Form               Tmut/Air       Unusable   N/A       N/A         7

Dungeon Overview and Level Annotations

Branches:
Dungeon (10/15)            Temple (1/1) D:7            Lair (2/5) D:10
Ossuary (visited)
  Swamp: Lair:2-3    Shoals: Lair:2-3     Snake: Lair:2-3    Spider: Lair:2-3
    Orc: D:9-12

Altars:
Ashenzari
Cheibriados
Dithmenos
Fedhas
Gozag
Hepliaklqana
Kikubaaqudgha
Makhleb
Nemelex Xobeh
Okawaru
Qazlal
Ru
Sif Muna
Trog
Uskayaw
Vehumet
Wu Jian
Xom
Yredelemnul

Shops:
D:4 !   D:8 ??(*   D:9 *

Annotations:
D:4 Pikel


Innate Abilities, Weirdness & Mutations

You are immune to poison.
Your flesh is cold resistant. (rC+)
You are immune to negative energy. (rN+++)
You are immune to unholy pain and torment.
You are vulnerable to heat. (rF-)
You are in touch with the powers of death.
You do not drink.


Message History

The boulder beetle simulacrum is moderately damaged.
The boulder beetle simulacrum bites you!
* * * LOW HITPOINT WARNING * * *
The boulder beetle simulacrum freezes you!
You resist.
* * * LOW HITPOINT WARNING * * *
Okay, then.
You warp the flow of time around you!
You can no longer inflict damage on those overly hasty.
Cheibriados lowers the support of your attributes as your movement quickens.
Aiming: Charm
Press: ? - help, Shift-Dir - straight line, f - boulder beetle simulacrum
Aim: a boulder beetle simulacrum (moderately damaged, wandering, hasn't noticed you, chance to affect: 51%)
Okay, then.
As you read the scroll of butterflies, it crumbles to dust.
You hear the tinkle of a tiny bell.
You swap places.
The boulder beetle simulacrum bites your butterfly!!
Your butterfly dies!
Your butterfly disappears in a burst of colours!
You see here a +0 whip.
The shadow hits you. You block the shadow's attack.
The shadow slips into darkness.
The shadow flickers and vanishes!
Deactivating autopickup; reactivate with Ctrl-A.
The shadow strikes at your butterfly from the darkness!
Your butterfly dies!
Your butterfly disappears in a burst of colours!
The boulder beetle simulacrum bites your butterfly!
Your butterfly dies!
Your butterfly disappears in a burst of colours!
The shadow strikes at your butterfly from the darkness!
Your butterfly dies!
Your butterfly disappears in a burst of colours!
Something barely misses your butterfly.
The shadow strikes at your butterfly from the darkness!
Your butterfly dies!
Your butterfly disappears in a burst of colours!
The shadow strikes at you from the darkness!
You die...

##.## #.# ###........ ###
#.# #.########...8..≈≈≈≈
~≈≈ #.#
#..............≈≈≈≈≈ ≈≈≈
#.####...####......≈~≈...
##
##.............#...≈b≈...#
.
##............###...≈≈b..##
#(.........<...####.≈≈.b##
#..............# #.b≈b##
#.............@####b≈~##
#...............Z..b~≈# +#
#
#..............####.≈≈#..#
. ##............## #)≈≈#..#
. ##..........## #.†~'..# .
#########.## #.≈≈#†.# .
####.# ##)≈≈# .# . #....#
##.b~≈# # #
#....#####...≈~##


You could see a boulder beetle simulacrum (ally target).

Vanquished Creatures
  A centaur warrior (D:10)
  Joseph (D:7)
  A cane toad (Lair:1)
  5 centaur skeletons (D:10)
  3 komodo dragons
  Maggie (D:9)
  2 unseen horror zombies (D:10)
  A polar bear (Lair:1)
  A hornet (D:9)
  10 flying skulls (D:10)
  Sigmund (D:6)
  A spectral black mamba (D:10)
  3 wraiths (D:10)
  A wyvern (D:9)
  2 shadows (D:10)
  A hog (D:5)
  A basilisk (Lair:1)
  26 yaks
  2 steam dragons (D:8)
  3 vampire mosquitoes (D:10)
  5 wargs (D:10)
  4 water moccasins
  A hell hound (D:10)
  An ice beast (D:5)
  6 orc warriors
  A black bear (D:10)
  A black mamba simulacrum (D:10)
  A centaur (D:9)
  3 lemures
  A phantom (D:6)
  5 kobold brigands
  2 necrophages
  9 bullfrogs
  2 scorpions
  23 killer bees
  5 howler monkeys
  A human zombie (Ossuary)
  4 hounds
  3 gnoll boudas
  2 orc priests (D:5)
  3 iguanas
  Jessica (D:2)
  11 orc wizards
  9 hell rats
  3 mummies (Ossuary)
  13 gnolls
  7 adders
  4 shadow imps
  2 white imps
  A howler monkey simulacrum (D:10)
  4 ufetubi
  3 worms
  46 orcs
  A bat (D:1)
  7 endoplasms
  5 giant cockroaches
  8 goblins
  7 hobgoblins
  9 jackals
  21 kobolds
  5 quokkas
  5 ball pythons
  A frilled lizard (D:1)
  A gnoll zombie (Ossuary)
  4 hobgoblin zombies (Ossuary)
  A kobold zombie (Ossuary)
  An orc zombie (Ossuary)
  5 rats
335 creatures vanquished.

Vanquished Creatures (collateral kills)
  A spectral meliai (D:10)
  A flying skull (D:10)
  A wraith (D:10)
  A yak (D:10)
  A gnoll sergeant (D:7)
  3 gnolls (D:7)
8 creatures vanquished.

Vanquished Creatures (others)
  An orc warrior (D:10)
  37 plants
38 creatures vanquished.

Grand Total: 381 creatures vanquished

Notes
Turn   | Place    | Note
-------+----------+-------------------------------------------
     0 | D:1      | concernfroge the Mummy Monk began the quest for the Orb.
     0 | D:1      | Reached XP level 1. HP: 18/18 MP: 1/1
   185 | D:1      | Reached XP level 2. HP: 17/24 MP: 2/2
   495 | D:1      | Found a faded altar of an unknown god.
  1275 | D:2      | Gained mutation: You are in touch with the powers of death.
                  | [Mummy growth]
  1275 | D:2      | Reached XP level 3. HP: 22/31 MP: 3/3
  1929 | D:2      | Reached XP level 4. HP: 37/38 MP: 4/4
  1929 | D:2      | Noticed Jessica
  2107 | D:1      | Reached skill level 5 in Fighting
  2268 | D:2      | Killed Jessica
  2576 | D:3      | Identified the ring of Peace {rElec rPois rF++ Str+6
                  | Slay-6}
  2672 | D:3      | Found a shadowy altar of Dithmenos.
  2689 | D:3      | Reached XP level 5. HP: 45/46 MP: 5/5
  2773 | D:3      | Found an iron altar of Okawaru.
  2773 | D:3      | Found a sacrificial altar of Ru.
  2836 | D:3      | You fall into a shaft and drop 3 floors!
  2842 | D:6      | Noticed a deep elf zephyrmancer
  3076 | D:6      | Found a hazy altar of Hepliaklqana.
  3139 | D:5      | Entered Level 5 of the Dungeon
  3183 | D:5      | Noticed an ice beast
  3246 | D:5      | Noticed Eustachio
  3405 | D:5      | Reached XP level 6. HP: 50/53 MP: 6/6
  3470 | D:5      | Noticed Eustachio
  3470 | D:5      | Eustachio changed into Eustachio the hog
  3481 | D:5      | Killed Eustachio the hog
  3769 | D:5      | Killed an ice beast
  3770 | D:5      | Reached XP level 7. HP: 53/62 MP: 7/7
  4221 | D:5      | Found an ancient bone altar of Kikubaaqudgha.
  4224 | D:5      | Found a shimmering blue altar of Sif Muna.
  4226 | D:5      | Found a radiant altar of Vehumet.
  4229 | D:5      | Got Kikubaaqudgha's Volume of the Crypt
  4380 | D:4      | Found Pipu's Distillery.
  4500 | D:4      | Noticed Pikel
  4690 | D:3      | Noticed Terence
  4693 | D:3      | Noticed Terence
  4693 | D:3      | Terence changed into Terence the howler monkey
  4704 | D:3      | Killed Terence the howler monkey
  5389 | D:4      | Found a burning altar of Makhleb.
  5975 | D:6      | Reached XP level 8. HP: 67/72 MP: 8/8
  5981 | D:6      | Reached skill level 10 in Fighting
  5981 | D:6      | Reached skill level 1 in Maces & Flails
  6011 | D:6      | Noticed Sigmund
  6020 | D:6      | Reached skill level 2 in Maces & Flails
  6021 | D:6      | Killed Sigmund
  6022 | D:6      | Reached skill level 4 in Maces & Flails
  6132 | D:6      | Reached skill level 5 in Maces & Flails
  6237 | D:6      | Reached skill level 6 in Maces & Flails
  6373 | D:6      | Found a snail-covered altar of Cheibriados.
  6379 | D:6      | Became a worshipper of Cheibriados the Contemplative
  6379 | D:6      | Reached * piety under Cheibriados
  6379 | D:6      | Reached ** piety under Cheibriados
  6422 | D:6      | Reached skill level 1 in Invocations
  6429 | D:6      | Reached skill level 7 in Maces & Flails
  6433 | D:6      | Reached XP level 9. HP: 58/78 MP: 10/10
  6441 | D:6      | Reached skill level 8 in Maces & Flails
  6664 | D:6      | Found an opulent altar of Gozag.
  6666 | D:6      | Found a stormy altar of Qazlal.
  6900 | D:7      | Noticed Joseph
  7486 | D:7      | Found a sand-covered staircase.
  7491 | Ossuary  | Entered an ossuary
  7945 | D:7      | Reached skill level 9 in Maces & Flails
  8341 | D:7      | Reached skill level 5 in Invocations
  8357 | D:7      | Reached *** piety under Cheibriados
  8659 | D:8      | Found Bosiypt's Magic Scroll Emporium.
  8740 | D:8      | Found Wofetah's Weapon Shop.
  8855 | D:7      | Killed Joseph
  8856 | D:7      | Reached skill level 10 in Maces & Flails
  9029 | D:7      | Found a staircase to the Ecumenical Temple.
  9049 | Temple   | Entered the Ecumenical Temple
  9558 | D:7      | Reached XP level 10. HP: 85/85 MP: 10/14
  9743 | D:8      | Found Guzyhun's Assorted Antiques.
  9753 | D:8      | Bought a scroll of poison for 108 gold pieces
  9753 | D:8      | Bought a wand of charming (5) for 324 gold pieces
  9765 | D:8      | Found Qierust's Magic Scroll Boutique.
 10179 | D:8      | Reached skill level 11 in Maces & Flails
 10515 | D:9      | Found Deceave's Changing Room.
 10518 | D:9      | Found an ornate altar of the Wu Jian Council.
 10536 | D:9      | Reached **** piety under Cheibriados
 10979 | D:9      | Got Sif Muna's Tome of Fog
 11053 | D:9      | Noticed Maggie
 11063 | D:9      | Killed Maggie
 11120 | D:9      | Identified the +2 whip "Leun" {freeze, rPois rF+}
 11439 | D:9      | Found a blossoming altar of Fedhas.
 11588 | D:10     | Entered Level 10 of the Dungeon
 11600 | D:10     | Reached XP level 11. HP: 90/90 MP: 17/17
 11652 | D:10     | Reached skill level 12 in Maces & Flails
 11898 | D:10     | Found a staircase to the Lair.
 12097 | Lair:1   | Entered Level 1 of the Lair of Beasts
 12972 | Lair:1   | Reached skill level 10 in Invocations
 13377 | D:10     | Reached skill level 13 in Maces & Flails
 13692 | D:10     | Reached XP level 12. HP: 83/97 MP: 19/19
 13840 | D:10     | Noticed a centaur warrior
 13848 | D:10     | Killed a centaur warrior
 13885 | D:10     | Reached skill level 14 in Maces & Flails
 14187 | D:10     | Slain by a shadow

Illustrated notes

Levels and vault maps discovered:
D:1:      tarquinn_simple_flora_water_c, layout_loops_ring,
          ebering_ecumenical_altar_mist
D:2:      layout_loops_corners, uniq_jessica
D:3:      layout_rooms, nicolae_dithmenos_shadow_blocks,
          gammafunk_temple_overflow_pools, kennysheep_generic_room_5,
          uniq_terence
D:4:      layout_loops_ring, lightli_temple_of_fire, serial_shops,
          nicolae_shop_hallway_plus, eino_tiny_chamber,
          kennysheep_generic_room_3, uniq_pikel
D:5:      layout_loops_ring, grunt_temple_overflow_magic_moments,
          minmay_misc_feat_iff, uniq_eustachio
D:6:      layout_loops_ring, gammafunk_temple_overflow_forgotten,
          worldfamousw_hep_ancestral_shrine,
          mainiacjoe_overflow_six_doors_small, serial_glass, glass_columns_c,
          glass_columns_b, due_unseen_surprise, item_on_display_a,
          guppyfry_early_elven_hall, uniq_sigmund
D:7:      layout_rooms, minmay_temple_entry_overgrown, enter_ossuary_5,
          palyth_stone_intersect, uniq_joseph
D:8:      minmay_octagon_keep, layout_rooms, serial_shops,
          nicolae_take_the_stairs, nicolae_stop_n_shop_2, shop,
          nicolae_stop_n_shop_1, serial_bayou_pond_d, kennysheep_nondescript
D:9:      layout_roguey, nicolae_overflow_hidden_temple,
          mainiacjoe_overflow_catwalk, nicolae_transmutations_shop, uniq_maggie
D:10:     lemuel_vampire_tower, layout_rooms, david_lair_shrubbed,
          enter_bailey_3
Temple:   nicolae_temple_bog_church
Lair:1:   layout_gridlike, portal_ice_cave_entry_pillars_1
Lair:2:   layout_layer_cave, elwin_shoals_entry_rocks,
          guppyfry_snake_entry_island

Skill      XL: |  1  2  3  4  5  6  7  8  9 10 11 12 |
---------------+-------------------------------------+-----
Fighting       | 4 5 6 8 9 10 | 10.0
Maces & Flails | 7 10 11 13 14 | 14.3
Invocations    | 2 5 8 10 | 10.0
Polearms       | |  2.4
Dodging        | |  2.4
Stealth        | |  1.5

Action                   |  1- 3 |  4- 6 |  7- 9 | 10-12 || total
-------------------------+-------+-------+-------+-------++-------
Melee: Spear             |    20 |       |       |       ||    20
       Trident           |    92 |     3 |       |       ||    95
       Punch             |     1 |       |     1 |       ||     2
       Halberd           |       |   139 |    19 |       ||   158
       Lajatang          |       |       |   352 |       ||   352
       Morningstar       |       |       |    51 |   407 ||   458
Throw: Throwing net      |       |     1 |       |       ||     1
       Javelin           |       |       |     7 |       ||     7
       Dart              |       |       |    21 |    12 ||    33
Invok: Bend Time         |       |       |     9 |    23 ||    32
       Slouch            |       |       |       |     5 ||     5
       Temporal Distorti |       |       |       |     1 ||     1
Evoke: Wand              |       |     3 |     7 |     8 ||    18
       Box of beasts     |       |       |       |     1 ||     1
  Use: Scroll            |       |     9 |    17 |     6 ||    32
 Stab: Sleeping          |     8 |     2 |    11 |     2 ||    23
       Distracted        |       |       |       |     2 ||     2
Armor: Robe              |    14 |    29 |       |       ||    43
       Leather armour    |       |    22 |   164 |       ||   186
       Plate armour      |       |       |    74 |   104 ||   178
       Steam dragon scal |       |       |       |    97 ||    97
Dodge: Dodged            |    46 |    81 |   294 |   181 ||   602
Block: Kite shield       |       |       |    16 |   173 ||   189

Table legend: (Time is in decaauts)
 A = Elapsed time spent in this place.
 B = Non-inter-level travel time spent in this place.
 C = Inter-level travel time spent in this place.
 D = Time resting spent in this place.
 E = Time spent auto-exploring this place.
 F = Levels seen in this place.
 G = Mean time per level.
                   A        B        C        D        E       F      G
               +--------+--------+--------+--------+--------+-----+--------+
         Total |  16650 |  15257 |   1393 |   1585 |  10602 |  14 | 1189.3 |
       Dungeon |  14624 |  13354 |   1270 |   1585 |   9088 |  10 | 1462.4 |
        Temple |    293 |    268 |     25 |      0 |    258 |   1 |  293.0 |
          Lair |   1426 |   1330 |     96 |      0 |   1121 |   2 |  713.0 |
       Ossuary |    306 |    306 |      0 |      0 |    134 |   1 |  306.0 |
               +--------+--------+--------+--------+--------+-----+--------+

Top non-repeatable levels by time:
     D:6: 2538 daAuts
    D:10: 1910 daAuts
     D:7: 1810 daAuts
     D:9: 1705 daAuts
     D:2: 1425 daAuts
  Lair:1: 1348 daAuts
     D:5: 1277 daAuts
     D:8: 1118 daAuts
     D:1: 1011 daAuts
     D:4: 984 daAuts
     D:3: 841 daAuts
 Ossuary: 306 daAuts
  Temple: 293 daAuts
  Lair:2: 77 daAuts
